 Dungeon Crawl Stone Soup version 0.29.1-2-gbd0b4ee654 (webtiles) character file.

Game seed: 14573022313873720280

678 kingsuperguy the Ruffian (level 7, -2/60 HPs)
             Began as a Ghoul Monk on Nov 15, 2022.
             Was an Initiate of Gozag.
             Slain by an orc warrior
             ... wielding a +0 battleaxe
              (11 damage)
             ... on level 5 of the Dungeon.
             The game lasted 00:13:37 (5265 turns).

kingsuperguy the Ruffian (Ghoul Monk)               Turns: 5265, Time: 00:13:37

Health: -2/60      AC: 11    Str: 23    XL:     7   Next: 60%
Magic:  6/6        EV:  9    Int:  5    God:    Gozag
Gold:   678        SH:  0    Dex: 11    Spells: 6/6 levels left

rFire   + . .      SeeInvis .   t - +1 morningstar (venom)
rCold   + . .      Faith    .   (no shield)
rNeg    + + +      Spirit   .   w - +2 chain mail {rF+}
rPois   ∞          Reflect  .   (no helmet)
rElec   .          Harm     .   (no cloak)
rCorr   .          Rampage  .   (no gloves)
Will    .....                   (no boots)
Stlth   ..........              e - amulet of regeneration
HPRegen 0.00/turn               B - +6 ring of strength
MPRegen 0.10/turn               (no ring)

@: confused, ambrosia-drunk, attractive, inhibited regen
A: claws 1, cold resistance 1, negative energy resistance 3, inhibited
regeneration, torment resistance 2, devour on kill
a: Renounce Religion, Potion Petition, Call Merchant, Bribe Branch


You were on level 5 of the Dungeon.
You worshipped Gozag.
Gozag was pleased with you.
You visited 1 branch of the dungeon, and saw 5 of its levels.

You collected 678 gold pieces.

Inventory:

Hand Weapons
 h - a +0 short sword
 p - a +0 spear
 t - a +1 morningstar of venom (weapon)
 v - a +0 flail
 y - a +2 dagger of speed
 z - a +0 dagger of protection
 D - a +0 sling
 F - a +0 glaive
 I - a +2 hand axe of freezing
Missiles
 i - 46 stones (quivered)
 u - 3 boomerangs
 E - 4 poisoned darts
Armour
 a - a +0 robe
 f - a +0 leather armour
 j - a +0 ring mail
 o - a +0 chain mail
 w - a +2 chain mail of fire resistance (worn)
 K - a +0 buckler
Jewellery
 e - an amulet of regeneration (around neck)
 B - a +6 ring of strength (left claw)
Wands
 C - a wand of roots (11)
Scrolls
 c - 6 scrolls of identify {unknown}
 d - a scroll of amnesia {unknown}
 g - 4 scrolls of teleportation {unknown}
 l - a scroll of noise {unknown}
 m - a scroll of fog {unknown}
 s - a scroll of magic mapping {unknown}
 A - a scroll of blinking {unknown}
 G - a scroll of enchant armour {unknown}
 J - a scroll of immolation {unknown}
Potions
 b - a potion of ambrosia
 k - a potion of mutation {unknown}
 n - 3 potions of attraction
 q - a potion of haste {unknown}
 r - a potion of degeneration {unknown}
 x - 4 potions of flight {unknown}
 H - a potion of heal wounds {unknown}


   Skills:
 + Level 4.8 Fighting
 + Level 3.2 Maces & Flails
 + Level 1.4 Throwing
 + Level 3.4 Armour
 + Level 3.6 Dodging
 + Level 2.6 Stealth
 + Level 4.8 Unarmed Combat


You had 6 spell levels left.
You didn't know any spells.
Your spell library contained the following spells:

 Spells                   Type           Power      Damage    Failure   Level
 Magic Dart               Conj           0%         1d3       99%         1
 Call Imp                 Summ           0%         N/A       99%         2
 Mephitic Cloud           Conj/Pois/Air  0%         N/A       100%        3
 Stone Arrow              Conj/Erth      0%         3d7       100%        3
 Animate Armour           Summ/Erth      0%         N/A       100%        4
 Lehudib's Crystal Spear  Conj/Erth      0%         10d2      100%        8


Dungeon Overview and Level Annotations

Branches:
Dungeon (5/15)             Temple (0/1) D:4

Altars:
Cheibriados
Gozag
Yredelemnul

Annotations:
D:4 1 runed translucent door, Crazy Yiuf, Natasha
D:5 Edmund


Innate Abilities, Weirdness & Mutations

You are immune to poison.
You have sharp fingernails.
Your flesh is cold resistant. (rC+)
You are immune to negative energy. (rN+++)
You do not regenerate when monsters are visible.
You are immune to unholy pain and torment.
You thrive by killing the living.


Message History

An orc warrior comes into view. It is wielding a +0 battleaxe.
You see here a +0 buckler.
K - a +0 buckler Throw: 48 stones
Press: ? - help, Q - select action, (/) - cycle Shift-Dir - straight line, f - orc warrior
Aim: an orc warrior, wielding a +0 battleaxe and wearing a +0 chain mail (53% to hit)
You throw a stone.
The stone hits the orc warrior but does no damage.
Throw: 47 stones
Press: ? - help, Q - select action, (/) - cycle Shift-Dir - straight line, f/p - orc warrior
Aim: an orc warrior, wielding a +0 battleaxe and wearing a +0 chain mail (53% to hit)
You throw a stone.
The stone hits the orc warrior but does no damage.
You closely miss the orc warrior.
The orc warrior hits you with a +0 battleaxe!
You barely miss the orc warrior. The orc warrior closely misses you.
The orc warrior hits you with a +0 battleaxe!
You sock the orc warrior!
The orc warrior is poisoned.
The orc warrior is heavily wounded.
The orc warrior hits you with a +0 battleaxe.
The orc warrior attacks as you move away!
The orc warrior hits you but does no damage.
The orc warrior attacks as you move away!
The orc warrior hits you with a +0 battleaxe!!
* * * LOW HITPOINT WARNING * * *
Okay, then.
Aiming: Fastroot
Press: ? - help, Q - select action, (/) - cycle Shift-Dir - straight line, f/p - orc warrior
Aim: an orc warrior, wielding a +0 battleaxe and wearing a +0 chain mail (almost dead, very poisoned)
Okay, then.
Okay, then.
You are confused.
You feel invigorated.
The orc warrior hits you with a +0 battleaxe.
* * * LOW HITPOINT WARNING * * *
It was a potion of attraction.
You feel attractive to monsters.
The orc warrior hits you with a +0 battleaxe!
You die...
Your body crumbles into a pile of gold.

#.......#
##... #......#
#.... #.....##
..... #....##
..... #....#
..... #....#
..... #....#
....# #o...#
...# #@...##
#..#
#.....#####...
#......#....##
#........#
...#
##.......##
#..#
#####....##
#..##
##....####..#
##......##..
##.........


You could see an orc warrior (poisoned).

Vanquished Creatures
  A water moccasin (D:5)
  Blork the orc (D:4)
  A scorpion (D:4)
  A howler monkey (D:4)
  3 hounds
  Natasha (D:4)
  Terence (D:2)
  3 iguanas
  An orc wizard (D:3)
  Robin (D:2)
  6 adders
  2 gnolls (D:5)
  A worm (D:3)
  A dart slug (D:4)
  5 orcs
  6 endoplasms
  4 giant cockroaches
  13 goblins
  5 hobgoblins
  7 jackals (D:2)
  2 quokkas
  7 ball pythons
  4 bats
  6 frilled lizards
  7 kobolds
  3 rats
  A spectral goblin (D:1)
94 creatures vanquished.

Notes
Turn   | Place    | Note
-------+----------+-------------------------------------------
     0 | D:1      | kingsuperguy the Ghoul Monk began the quest for the Orb.
     0 | D:1      | Reached XP level 1. HP: 19/19 MP: 0/0
   224 | D:1      | Reached XP level 2. HP: 26/26 MP: 1/1
   654 | D:1      | Found a faded altar of an unknown god.
   674 | D:1      | Prayed at the altar of an unknown god.
   674 | D:1      | Became a worshipper of Gozag Ym Sagoz the Greedy
  1173 | D:2      | Reached XP level 3. HP: 31/31 MP: 2/2
  1770 | D:2      | Noticed Terence
  1786 | D:3      | Reached XP level 4. HP: 40/40 MP: 3/3
  1841 | D:3      | Found a snail-covered altar of Cheibriados.
  2177 | D:3      | Found a basalt altar of Yredelemnul.
  2379 | D:2      | Killed Terence
  2380 | D:2      | Reached skill level 1 in Armour
  2445 | D:2      | Reached XP level 5. HP: 26/46 MP: 4/4
  2643 | D:2      | Noticed Robin
  2654 | D:2      | Killed Robin
  3220 | D:4      | Reached skill level 1 in Maces & Flails
  3521 | D:3      | Reached XP level 6. HP: 31/52 MP: 5/5
  3795 | D:4      | Found a runed translucent door.
  3796 | D:4      | Noticed Crazy Yiuf
  3850 | D:4      | Noticed Blork the orc
  3852 | D:4      | Noticed Natasha
  4017 | D:4      | Killed Natasha
  4104 | D:4      | Noticed Natasha
  4398 | D:5      | Entered Level 5 of the Dungeon
  4517 | D:5      | Noticed Edmund
  4552 | D:4      | Reached XP level 7. HP: 51/60 MP: 6/6
  4599 | D:4      | Killed Blork the orc
  4696 | D:4      | Found a staircase to the Ecumenical Temple.
  4876 | D:5      | Reached skill level 1 in Throwing
  5265 | D:5      | Slain by an orc warrior

Illustrated notes

Levels and vault maps discovered:
D:1:      psy_arrival_dodecagon, layout_basic,
          dreamdust_ecumenical_altar_drowned_temple, minmay_fountain_box
D:2:      layout_basic, st_stairs_14, minmay_tromino_v4_a, uniq_robin,
          uniq_terence
D:3:      layout_rooms, old_standard_altar, yredelemnul_altar_generic
D:4:      layout_cave_pools, minmay_temple_entry_poolview, minmay_checkerbox,
          uniq_blork_the_orc, uniq_natasha, uniq_crazy_yiuf_cottage
D:5:      layout_layer_cave, tso_metal_star, uniq_edmund

Skill      XL: |  1  2  3  4  5  6  7 |
---------------+----------------------+-----
Dodging        | 3 |  3.6
Unarmed Combat | 4 |  4.8
Armour         | 1 2 3 |  3.4
Maces & Flails | 1 2 3 |  3.2
Fighting       | 4 |  4.8
Throwing       | 1 |  1.4
Stealth        | |  2.6

Action                   |  1- 3 |  4- 6 |  7- 9 || total
-------------------------+-------+-------+-------++-------
Melee: Unarmed           |   110 |    21 |       ||   131
       Punch             |     2 |     4 |     2 ||     8
       Morningstar       |       |   119 |    37 ||   156
Throw: Dart              |       |    21 |       ||    21
       Stone             |       |     6 |     7 ||    13
  Use: Potion            |       |       |     2 ||     2
 Stab: Sleeping          |     4 |     1 |       ||     5
Armor: Robe              |     3 |       |       ||     3
       Ring mail         |    27 |    12 |       ||    39
       Chain mail        |       |   165 |    18 ||   183
Dodge: Dodged            |    71 |   106 |    24 ||   201
